AoeStats
← MattAtArms

Arabia

507302851Analyzed
1v1 RM · 15d ago on Sep 17, 2026· 72m 3s· 2 players
Game mode
Random Map
Map size
Tiny (2 player)
Population
200
Speed
Normal
Resources
Standard
Victory
Conquest
Starting age
Dark Age
Ending age
Imperial Age
RankedLock teamsTeams togetherTeam positionsShared explorationLock speedFull tech treeHidden civsTurbo modeCheats
Victory
Defeat
🇬🇧 Persians · United Kingdom
1936
+15
🇫🇷 Georgians · France
1909
-15
Rafelso
5:48 Loom
8:04 Feudal Age
9:34 Double-Bit Axe
22:14 Castle Age
20:43 Fletching
21:22 Bloodlines
21:09 Horse Collar
23:04 Bow Saw
22:55 Padded Archer Armor
22:52 Bodkin Arrow
22:32 Elite Skirmisher
23:41 Padded Archer Armor
27:27 Leather Archer Armor
28:58 Ballistics
30:38 Scale Barding Armor
33:48 Chain Barding Armor
34:11 Husbandry
35:27 Wheelbarrow
38:48 Imperial Age
38:26 Hand Cart
38:10 Town Watch
38:17 Town Watch
38:43 Heavy Plow
39:25 Squires
39:09 Pikeman
39:48 Herbal Medicine
40:32 Scale Mail Armor
42:08 Chemistry
42:37 Block Printing
43:37 Bracer
44:45 Conscription
45:07 Masonry
45:21 Murder Holes
46:27 Architecture
45:23 Halberdier
47:18 Chain Mail Armor
47:34 Forging
47:33 Light Cavalry
48:20 Town Patrol
50:32 Plate Barding Armor
53:40 Svan Towers
55:41 Siege Engineers
56:56 Hoardings
62:22 Crop Rotation
61:45 Gold Mining
63:41 Iron Casting
67:23 Blast Furnace
66:01 Hussar
MattAtArms
5:38 Loom
8:59 Feudal Age
9:00 Man-at-Arms
9:29 Double-Bit Axe
15:06 Fletching
22:28 Castle Age
20:45 Gold Mining
21:25 Scale Barding Armor
21:20 Horse Collar
22:37 Bloodlines
22:14 Crossbowman
22:50 Bodkin Arrow
26:21 Bow Saw
26:32 Bow Saw
26:41 Forging
29:23 Town Watch
30:16 Wheelbarrow
33:52 Ballistics
34:41 Chain Barding Armor
39:22 Imperial Age
37:23 Heavy Plow
39:02 Iron Casting
38:51 Hand Cart
38:49 Light Cavalry
40:47 Plate Barding Armor
39:38 Cavalier
41:38 Chemistry
45:12 Husbandry
45:58 Padded Archer Armor
47:16 Light Cavalry
49:31 Blast Furnace
48:37 Hussar
50:42 Leather Archer Armor
52:35 Citadels
52:48 Conscription
55:05 Ring Archer Armor
55:22 Savar
59:32 Masonry
61:11 Crop Rotation
67:22 Architecture
Connection lost

Rejoining the realm…

Still unreachable

The connection could not be restored.

Session expired

The server has moved on; the page needs a fresh start.